 Dungeon Crawl Stone Soup version 0.30-a0-696-g2367cd04db (webtiles) character file.

Game seed: 14051262252076466439

16628 bmack86 the Blocker (level 12, -1/105 HPs)
             Began as a Minotaur Fighter on Jan 21, 2023.
             Was a High Priest of Okawaru.
             Slain by a troll (2 damage)
             ... while petrified by a basilisk
             ... on level 11 of the Dungeon.
             The game lasted 00:24:56 (9542 turns).

bmack86 the Blocker (Minotaur Fighter)              Turns: 9542, Time: 00:24:56

Health: -1/105     AC: 27    Str: 33    XL:     12   Next: 11%
Magic:  15/15      EV:  2    Int:  3    God:    Okawaru [*****.]
Gold:   1234       SH:  0    Dex: 17    Spells: 11/11 levels left

rFire   . . .      SeeInvis .    a - +1 war axe (elec)
rCold   . . .      Faith    .    J - +0 kite shield
rNeg    + + +      Spirit   .    R - +0 crystal plate armour
rPois   ∞          Reflect  +    (helmet restricted)
rElec   +          Harm     .    C - +0 cloak
rCorr   .          Rampage  .    b - +1 pair of gloves
Will    .....                    (no boots) Stlth
                                 j - amulet of reflection
HPRegen 0.37/turn                z - ring "Keuwuk" {rElec Str+8 Int-2 Dex+6}
MPRegen 0.14/turn                c - +4 ring of protection

@: petrified, marked
A: horns 2, retaliatory headbutt
a: Renounce Religion, Heroism, Finesse, Duel


You were on level 11 of the Dungeon.
You worshipped Okawaru.
Okawaru was extremely pleased with you.
You visited 2 branches of the dungeon, and saw 12 of its levels.

You collected 1458 gold pieces.
You spent 224 gold pieces at shops.

Inventory:

Hand Weapons
 a - a +1 war axe of electrocution (weapon)
 d - a +0 war axe
 l - a +1 broad axe
Missiles
 n - 30 poisoned darts
 u - 10 boomerangs (quivered)
 D - 10 javelins
 K - a silver boomerang
 L - a throwing net
 N - 3 silver javelins
Armour
 b - a +1 pair of gloves (worn)
 f - a scarf of harm
 g - a +0 tower shield
 t - a +0 plate armour
 x - the +8 chain mail of Dishonour {rC- Int+2 Dex+3}
   (You found it on level 3 of the Dungeon)

   Int:       It affects your intelligence (+2).
   Dex:       It affects your dexterity (+3).
   rC:        It makes you vulnerable to cold.
 C - a +0 cloak (worn)
 J - a +0 kite shield (worn)
 R - a +0 crystal plate armour (worn)
Jewellery
 c - a +4 ring of protection (right hand)
 i - a ring of resist corrosion
 j - an amulet of reflection (around neck)
 s - a ring of see invisible
 z - the ring "Keuwuk" (left hand) {rElec Str+8 Int-2 Dex+6}
   (You found it on level 3 of the Dungeon)

   [ring of dexterity]

   Str:       It affects your strength (+8).
   Int:       It affects your intelligence (-2).
   Dex:       It affects your dexterity (+6).
   rElec:     It insulates you from electricity.
 Q - a ring of positive energy
 S - a ring of ice
Wands
 y - a wand of iceblast (5)
 G - a wand of paralysis (3)
 I - a wand of flame (9)
 M - a wand of mindburst (5)
 P - a wand of quicksilver (8)
Scrolls
 e - 2 scrolls of fog
 h - a scroll of blinking
 o - 2 scrolls of fear
 q - 2 scrolls of teleportation
 E - a scroll of amnesia
 H - 2 scrolls of magic mapping
Potions
 k - a potion of heal wounds
 m - 2 potions of flight
 p - 8 potions of curing
 r - 2 potions of lignification
 v - a potion of haste
 w - 3 potions of mutation
 A - 2 potions of magic
 B - a potion of brilliance
 F - a potion of invisibility
 O - 2 potions of might


   Skills:
 + Level 9.4 Fighting
 * Level 12.5 Axes
 + Level 7.0 Throwing
 + Level 9.4 Armour
 * Level 12.7 Shields
 + Level 5.9 Invocations


You had 11 spell levels left.
You didn't know any spells.
Your spell library contained the following spells:

 Spells                   Type           Power      Damage    Failure   Level
 Ensorcelled Hibernation  Hex/Ice        0%         N/A       100%        2
 Inner Flame              Hex/Fire       0%         N/A       100%        3
 Portal Projectile        Hex/Tloc       0%         N/A       100%        3
 Spider Form              Tmut/Pois      0%         N/A       100%        3
 Anguish                  Hex/Necr       0%         N/A       100%        4
 Flame Wave               Conj/Fire      0%         2d4       100%        4
 Leda's Liquefaction      Hex/Erth       0%         N/A       100%        4
 Sticky Flame             Conj/Fire      0%         2d3       100%        4
 Borgnjor's Vile Clutch   Necr/Erth      0%         N/A       100%        5
 Storm Form               Tmut/Air       0%         N/A       100%        7
 Maxwell's Capacitive Co  Air            0%         ∞         100%        8
 Call Canine Familiar     Summ           Unusable   N/A       N/A         3
 Animate Dead             Necr           Unusable   N/A       N/A         4
 Summon Lightning Spire   Summ/Air       Unusable   N/A       N/A         4
 Death Channel            Necr           Unusable   N/A       N/A         6

Dungeon Overview and Level Annotations

Branches:
Dungeon (11/15)            Temple (1/1) D:6             Orc (0/2) D:9
   Lair: D:8-11

Altars:
Ashenzari
Cheibriados
Dithmenos
Elyvilon
Fedhas
Gozag
Hepliaklqana
Kikubaaqudgha
Makhleb
Nemelex Xobeh
Okawaru
Qazlal
Ru
Sif Muna
Trog
Uskayaw
Vehumet
Wu Jian
Xom
Yredelemnul
Zin
The Shining One

Shops:
D:4 (   D:8 *   D:9 *


Innate Abilities, Weirdness & Mutations

You have a pair of horns on your head.
You reflexively headbutt those who attack you in melee.


Message History

You slash the basilisk!
You kill the basilisk!
Okawaru accepts your kill.
You hit the centaur warrior simulacrum but do no damage.
You hit the troll.
You block the centaur warrior simulacrum's attack. x2
You block the troll's attack. The troll claws you but does no damage.
The troll claws you.
* * * LOW HITPOINT WARNING * * *
The centaur warrior simulacrum hits you but does no damage.
The centaur warrior simulacrum barely misses you.
Your limbs are stiffening.
The centaur warrior simulacrum hits you but does no damage.
The centaur warrior simulacrum completely misses you.
You block the troll's attack. The troll claws you.
* * * LOW HITPOINT WARNING * * *
The troll claws you but does no damage. You block the troll's attack.
The troll claws you but does no damage. The troll claws you.
* * * LOW HITPOINT WARNING * * *
The centaur warrior simulacrum hits you but does no damage.
The centaur warrior simulacrum kicks you but does no damage.
You have turned to stone.
The centaur warrior simulacrum barely misses you.
The centaur warrior simulacrum kicks you but does no damage.
The troll bites you but does no damage. The troll barely misses you.
The troll claws you.
* * * LOW HITPOINT WARNING * * *
The centaur warrior simulacrum hits you.
The centaur warrior simulacrum freezes you!
* * * LOW HITPOINT WARNING * * *
The centaur warrior simulacrum kicks you but does no damage.
The troll bites you.
* * * LOW HITPOINT WARNING * * *
The troll claws you but does no damage. x2
The centaur warrior simulacrum hits you but does no damage.
The centaur warrior simulacrum kicks you but does no damage.
The troll bites you.
* * * LOW HITPOINT WARNING * * *
The troll claws you.
You die...

. #.#
#..####.......#
. #.#
#........#.##.#
. #.#
##.#####.# .# #
#.#####.# .# #
........# .#
#######.#####.#
##### #...)....
......#)#####.#
[....{T@Z...#.#
.####.#.##....#
#..... ...#
...#.... ...
###...##.. .#
##.# ... # #.
.#.# #. #.#


You could see a troll and a centaur warrior simulacrum.

Vanquished Creatures
  Harold (D:11)
  A hydra (D:9)
  2 boulder beetles (D:9)
  4 two-headed ogres
  A tengu warrior (D:11)
  Lodul (D:10)
  A cyclops (D:11)
  Joseph (D:7)
  Psyche (D:8)
  An unseen horror zombie (D:7)
  3 polar bears (D:11)
  3 trolls
  A centaur simulacrum (D:11)
  2 wyverns
  A vampire (D:10)
  11 yaks
  Eustachio (D:4)
  4 humans (D:8)
  A steam dragon (D:10)
  2 basilisks
  3 acid dragons
  4 water moccasins
  A black bear (D:5)
  An ice beast (D:8)
  3 sky beasts (D:7)
  7 ogres (D:10)
  4 centaurs
  2 phantoms
  3 kobold brigands
  4 bullfrogs
  A gnoll sergeant (D:8)
  5 necrophages
  A wyvern zombie (D:7)
  2 scorpions
  9 wights (D:7)
  A water moccasin zombie (D:7)
  4 killer bees (D:10)
  4 howler monkeys
  A centaur zombie (D:7)
  3 jellies
  A human zombie (D:7)
  4 orc priests
  7 hounds
  A gnoll bouda (D:5)
  2 iguanas
  5 orc wizards
  2 killer bee zombies (D:7)
  2 mummies (D:7)
  14 gnolls
  3 adders
  7 white imps
  A howler monkey simulacrum (D:11)
  2 ufetubi
  A worm (D:5)
  A dart slug (D:9)
  19 orcs
  13 endoplasms
  5 giant cockroaches
  5 goblins
  4 hobgoblins
  3 jackals (D:8)
  15 kobolds
  8 quokkas
  3 ball pythons
  3 bats
  3 frilled lizards
  3 rats
243 creatures vanquished.

Vanquished Creatures (others)
  A kobold (D:4)
1 creature vanquished.

Grand Total: 244 creatures vanquished

Notes
Turn   | Place    | Note
-------+----------+-------------------------------------------
     0 | D:1      | bmack86 the Minotaur Fighter began the quest for the Orb.
     0 | D:1      | Reached XP level 1. HP: 19/19 MP: 0/0
   845 | D:2      | Reached XP level 2. HP: 27/27 MP: 1/1
  1405 | D:3      | Reached XP level 3. HP: 33/33 MP: 2/2
  1661 | D:3      | Identified the +8 chain mail of Dishonour {rC- Int+2 Dex+3}
  1937 | D:3      | Identified the ring "Keuwuk" {rElec Str+8 Int-2 Dex+6}
  2188 | D:4      | Reached skill level 1 in Throwing
  2188 | D:4      | Reached XP level 4. HP: 36/40 MP: 3/3
  2267 | D:4      | Noticed Eustachio
  2288 | D:4      | Killed Eustachio
  2289 | D:4      | Reached skill level 5 in Shields
  2289 | D:4      | Reached XP level 5. HP: 44/47 MP: 4/4
  2628 | D:4      | Found Homeso's Antique Weapon Boutique.
  2698 | D:4      | Reached XP level 6. HP: 52/53 MP: 5/5
  3145 | D:5      | Entered Level 5 of the Dungeon
  3155 | D:5      | Reached skill level 5 in Axes
  3165 | D:5      | Identified a scroll of acquirement
  3165 | D:5      | Acquired 375 gold pieces
  3271 | D:5      | Reached skill level 5 in Armour
  3271 | D:5      | Reached XP level 7. HP: 60/60 MP: 6/6
  3511 | D:5      | Reached skill level 5 in Fighting
  4064 | D:5      | Reached XP level 8. HP: 68/69 MP: 7/7
  4871 | D:6      | Found a staircase to the Ecumenical Temple.
  4880 | Temple   | Entered the Ecumenical Temple
  4972 | Temple   | Became a worshipper of Warmaster Okawaru
  5205 | D:7      | Reached skill level 1 in Invocations
  5316 | D:7      | Reached * piety under Okawaru
  5465 | D:7      | Reached XP level 9. HP: 75/75 MP: 9/9
  5550 | D:7      | Noticed Joseph
  5556 | D:7      | Paralysed by Joseph for 3 turns
  5562 | D:7      | Killed Joseph
  5975 | D:7      | Reached ** piety under Okawaru
  5980 | D:7      | Found a basalt altar of Yredelemnul.
  6150 | D:8      | Noticed a troll
  6155 | D:8      | Killed a troll
  6160 | D:8      | Reached skill level 5 in Throwing
  6204 | D:8      | Reached *** piety under Okawaru
  6205 | D:8      | Reached XP level 10. HP: 86/86 MP: 11/11
  6300 | D:8      | Found Qoucwot's Gadget Gallery.
  6608 | D:8      | Found a hazy altar of Hepliaklqana.
  6614 | D:8      | Found a stormy altar of Qazlal.
  6837 | D:8      | Noticed Psyche
  6845 | D:8      | Reached skill level 10 in Shields
  6861 | D:8      | Killed Psyche
  6868 | D:8      | Reached skill level 10 in Axes
  6875 | D:8      | Reached **** piety under Okawaru
  7086 | D:8      | Noticed a two-headed ogre
  7095 | D:8      | Killed a two-headed ogre
  7297 | D:9      | Found a sacrificial altar of Ru.
  7320 | D:9      | Noticed a two-headed ogre
  7329 | D:9      | Killed a two-headed ogre
  7329 | D:9      | Received a gift from Okawaru
  7329 | D:9      | Reached ***** piety under Okawaru
  7329 | D:9      | Received a gift from Okawaru
  7361 | D:9      | Found a snail-covered altar of Cheibriados.
  7399 | D:9      | Reached XP level 11. HP: 87/94 MP: 13/13
  7598 | D:9      | Found Zyxivuj's General Store.
  7614 | D:9      | Found an opulent altar of Gozag.
  7652 | D:9      | Bought 3 scrolls of identify for 96 gold pieces
  7652 | D:9      | Bought a potion of magic for 128 gold pieces
  7769 | D:9      | Found a staircase to the Orcish Mines.
  7964 | D:9      | Noticed a boulder beetle
  7964 | D:9      | Noticed a boulder beetle
  7964 | D:9      | Noticed a four-headed hydra
  7981 | D:9      | Killed a ten-headed hydra
  8003 | D:9      | Killed a boulder beetle
  8003 | D:9      | Received a gift from Okawaru
  8004 | D:9      | Reached skill level 5 in Invocations
  8006 | D:9      | Identified the +1 falchion "Imotirph" {holy, Fly rElec rF+
                  | Will- Dex+3}
  8012 | D:9      | Identified the +9 short sword of the Hundredfold Lovers
                  | {spect, rC+ Int+3}
  8013 | D:9      | Killed a boulder beetle
  8013 | D:9      | Received a gift from Okawaru
  8268 | D:10     | Entered Level 10 of the Dungeon
  8366 | D:10     | Noticed Lodul
  8384 | D:10     | Killed Lodul
  8663 | D:10     | Noticed a two-headed ogre
  8672 | D:10     | Killed a two-headed ogre
  9154 | D:11     | Noticed a two-headed ogre
  9164 | D:11     | Killed a two-headed ogre
  9164 | D:11     | Received a gift from Okawaru
  9222 | D:11     | Noticed a boulder beetle
  9231 | D:11     | Received a gift from Okawaru
  9238 | D:11     | Reached XP level 12. HP: 46/104 MP: 15/15
  9479 | D:11     | Noticed a tengu warrior
  9493 | D:11     | Killed a tengu warrior
  9512 | D:11     | Noticed Harold
  9525 | D:11     | Killed Harold
  9541 | D:11     | HP: 5/105 [centaur warrior simulacrum (8)]
  9542 | D:11     | HP: 1/105 [troll (3)]
  9542 | D:11     | Slain by a troll

Illustrated notes

Levels and vault maps discovered:
D:1:      shiori_arrival_elements, layout_loops_ring,
          minmay_misc_feat_diagonals, minmay_shallow_snake_nest
D:2:      layout_basic
D:3:      layout_loops_ring, minmay_misc_feat_five
D:4:      minmay_razor_zed, layout_basic, serial_shops, shop,
          grunt_ministairs_1, uniq_crazy_yiuf_cottage, uniq_eustachio
D:5:      layout_gridville
D:6:      layout_basic, minmay_temple_entry_antechambers
D:7:      layout_loops_ring, lemuel_mausoleum_altar_yredelemnul,
          kennysheep_generic_room_9, uniq_joseph
D:8:      erik_cavepeople, layout_cave_pods, jmf_multi_god_temple,
          nicolae_shop_gadgets
D:9:      minmay_the_grid_triangle_9x9_recursive_2
          [minmay_the_grid_triangle_9x9_prize_insulated,
          minmay_the_grid_triangle_9x9_empty,
          minmay_the_grid_triangle_9x9_sprig,
          minmay_the_grid_triangle_9x9_zippers_horizontal], layout_cave_pools,
          amcnicky_altar_gilded, mainiacjoe_overflow_chevrons,
          kennysheep_slug_shrine, orc_0_dummy, serial_shops, shop
D:10:     layout_basic, uniq_lodul
D:11:     layout_loops_ring, erik_lair_orcish_takeover, serial_ice,
          serial_ice_b, serial_ice_g, serial_ice_k, serial_ice_f, nrook_uturn,
          uniq_harold
Temple:   nicolae_temple_superstar

Skill      XL: |  1  2  3  4  5  6  7  8  9 10 11 12 |
---------------+-------------------------------------+-----
Shields        | 4 5 6 8 9 11 12 | 12.7
Axes           | 3 4 5 6 7 9 10 12 | 12.5
Armour         | 4 5 6 7 8 9 |  9.4
Fighting       | 4 5 6 7 8 9 |  9.4
Throwing       | 1 2 3 4 5 6 7 |  7.0
Invocations    | 1 3 4 5 |  5.9

Action                   |  1- 3 |  4- 6 |  7- 9 | 10-12 || total
-------------------------+-------+-------+-------+-------++-------
Melee: War axe           |    96 |    73 |   200 |   276 ||   645
       Headbutt          |    13 |    10 |    44 |    79 ||   146
Throw: Boomerang         |       |       |     1 |     2 ||     3
Invok: Heroism           |       |       |       |     1 ||     1
       Finesse           |       |       |       |     1 ||     1
  Use: Scroll            |     4 |    11 |       |    10 ||    25
       Potion            |       |     1 |       |     1 ||     2
Armor: Chain mail        |    27 |    41 |   112 |    67 ||   247
       Scale mail        |     3 |       |       |       ||     3
       Plate armour      |    36 |       |       |       ||    36
       Crystal plate arm |       |       |       |   159 ||   159
Dodge: Dodged            |    26 |    43 |    60 |    56 ||   185
Block: Buckler           |    42 |    65 |   130 |    29 ||   266
       Reflection        |       |     4 |     5 |    15 ||    24
       Kite shield       |       |       |       |   232 ||   232

Table legend: (Time is in decaauts)
 A = Elapsed time spent in this place.
 B = Non-inter-level travel time spent in this place.
 C = Inter-level travel time spent in this place.
 D = Time resting spent in this place.
 E = Time spent auto-exploring this place.
 F = Levels seen in this place.
 G = Mean time per level.
                   A        B        C        D        E       F      G
               +--------+--------+--------+--------+--------+-----+--------+
         Total |   9625 |   9308 |    317 |    342 |   5903 |  12 |  802.1 |
       Dungeon |   9513 |   9196 |    317 |    342 |   5843 |  11 |  864.8 |
        Temple |    111 |    111 |      0 |      0 |     60 |   1 |  111.0 |
               +--------+--------+--------+--------+--------+-----+--------+

Top non-repeatable levels by time:
     D:8: 1124 daAuts
     D:7: 1031 daAuts
     D:4: 984 daAuts
     D:5: 982 daAuts
     D:9: 979 daAuts
     D:6: 920 daAuts
    D:10: 837 daAuts
     D:3: 796 daAuts
     D:1: 771 daAuts
     D:2: 644 daAuts
    D:11: 439 daAuts
  Temple: 111 daAuts
